cohdb
Replays
Latest Replays
All Replays
Popular Replays
Top Player Replays
Match Explorer
How It Works
Community
CoH3 Stats
Reddit
Sign in to upload your games and track your stats! →
Sign in with Steam
Match 45544041
Unlisted
Match 45544041
Overview
Messages
Build Orders
End
Vickers Machine Gun Team
Construct Section Command Post
Dingo Light Scout Car
Infantry Section
Infantry Section
Construct Platoon Command Post
Selects Indian Artillery Battlegroup
Selects Indian Artillery Battlegroup
Selects Valour
CMP 15cwt Truck
Grenade Package
6-pounder Anti-tank Gun Team
6-pounder Anti-tank Gun Team
Walther
....
Blaston
Ori
con_007
A Sassy Badger
Urge to Merge
Jimm-e
0
0
Comments
sign in to comment!
No comments posted yet!